MID
LAKE COUNTY CAPTAINS @ HICKORY CRAWDADS
08/28/2044
 
TOP OF THE 1ST
Lake County Captains batting - Pitching for Hickory Crawdads : RHP Matt Stutzman
Pitching: RHP Matt Stutzman
Batting: RHB Toki Takeuchi 0-0: Ball
1-0: Ground out 6-3 (Groundball, 6M, EV 83.8 MPH)
Batting: LHB Yasuo Igarashi 0-0: Ball
1-0: Ball
2-0: Swinging Strike
2-1: Swinging Strike
2-2: Foul Ball, location: 2F
2-2: Strikes out swinging
Batting: LHB Justin Rankin 0-0: Ground out 4-3 (Groundball, 4, EV 103.1 MPH)
Top of the 1st over - 0 runs, 0 hits, 0 errors, 0 left on base; Lake County 0 - Hickory 0
BOTTOM OF THE 1ST
Hickory Crawdads batting - Pitching for Lake County Captains : RHP Matt Zambon
Pitching: RHP Matt Zambon
Batting: RHB Theo van Gent 0-0: Swinging Strike
0-1: Ball
1-1: Ground out 4-3 (Groundball, 4, EV 101.3 MPH)
Batting: LHB Nick Foutz 0-0: Ball
1-0: Called Strike
1-1: Ground out 4-3 (Groundball, 4, EV 80.6 MPH)
Batting: RHB Doug Hammertime 0-0: Called Strike
0-1: Foul Ball, location: 2F
0-2: Ball
1-2: Foul Ball, location: 2F
1-2: Ball
2-2: Ball
3-2: SINGLE (Groundball, 5S, EV 67.5 MPH) (infield hit)
Batting: RHB Bobby Larson 0-0: Called Strike
0-1: Ball
1-1: Ball
2-1: Called Strike
Doug Hammertime steals 2nd base
2-2: SINGLE (Line Drive, 78S, EV 99.4 MPH)
Doug Hammertime to third
Runner from 3rd tries for Home, SAFE, throw by LF to home
Batting: LHB Franklin Quezada 0-0: Ball
1-0: Ball
2-0: Foul Ball, location: 2F
2-1: Fly out, F8 (Flyball, 8RXD, EV 91.9 MPH)
Bottom of the 1st over - 1 run, 2 hits, 0 errors, 1 left on base; Lake County 0 - Hickory 1
TOP OF THE 2ND
Lake County Captains batting - Pitching for Hickory Crawdads : RHP Matt Stutzman
Batting: LHB Tim Fuller 0-0: Ball
1-0: Ball
2-0: Ball
3-0: Base on Balls
Batting: RHB Adrian Martinelli 0-0: Ball
Tim Fuller is caught stealing 2nd base 2-4
1-0: Ball
2-0: Foul Ball, location: 2F
2-1: Ground out 5-3 (Groundball, 56, EV 89.4 MPH)
Batting: SHB Travis Burnett 0-0: Ball
1-0: Ball
2-0: Foul Ball, location: 2F
2-1: Ball
3-1: Foul Ball, location: 2F
3-2: Foul Ball, location: 2F
3-2: Foul Ball, location: 2F
3-2: Strikes out swinging
Top of the 2nd over - 0 runs, 0 hits, 0 errors, 0 left on base; Lake County 0 - Hickory 1
BOTTOM OF THE 2ND
Hickory Crawdads batting - Pitching for Lake County Captains : RHP Matt Zambon
Batting: LHB Casper Kersten 0-0: Called Strike
0-1: Foul Ball, location: 2F
0-2: Fly out, F8 (Line Drive, 8LD, EV 105.0 MPH)
Batting: RHB Luke Stark 0-0: Ball
1-0: Ball
2-0: Fly out, F7 (Flyball, 7LM, EV 92.5 MPH)
Batting: RHB Chris Powell 0-0: Called Strike
0-1: Ball
1-1: Ball
2-1: Ground out 6-3 (Groundball, P, EV 80.0 MPH)
Bottom of the 2nd over - 0 runs, 0 hits, 0 errors, 0 left on base; Lake County 0 - Hickory 1
TOP OF THE 3RD
Lake County Captains batting - Pitching for Hickory Crawdads : RHP Matt Stutzman
Batting: RHB Danny Millsaps 0-0: Called Strike
0-1: Ball
1-1: Foul Ball, location: 2F
1-2: Ball
2-2: Strikes out looking
Batting: LHB Danny Moreno 0-0: Ground out 4-3 (Groundball, 4, EV 85.6 MPH)
Batting: LHB Ubbe de Bruin 0-0: Called Strike
0-1: Ball
1-1: Foul Ball, location: 2F
1-2: Strikes out swinging
Top of the 3rd over - 0 runs, 0 hits, 0 errors, 0 left on base; Lake County 0 - Hickory 1
BOTTOM OF THE 3RD
Hickory Crawdads batting - Pitching for Lake County Captains : RHP Matt Zambon
Batting: RHB Garrison Feltham 0-0: Ball
1-0: Ball
2-0: Ball
3-0: Called Strike
3-1: Base on Balls
Batting: RHB Theo van Gent 0-0: Foul Ball, location: 2F
0-1: Ball
1-1: Ball
2-1: Reached on error, E5 (Groundball, 56, EV 98.1 MPH)
Garrison Feltham to second
Batting: LHB Nick Foutz 0-0: Foul Ball, location: 2F
0-1: Swinging Strike
0-2: Strikes out looking
Batting: RHB Doug Hammertime 0-0: Ball
Garrison Feltham steals 3rd base
Theo van Gent to second
1-0: Ball
2-0: Called Strike
2-1: Ball
3-1: Called Strike
3-2: Foul Ball, location: 2F
3-2: Ground out 6-3 (Groundball, 6M, EV 91.3 MPH)
Garrison Feltham scores
Theo van Gent to third
Batting: RHB Bobby Larson 0-0: Called Strike
0-1: 2-RUN HOME RUN (Flyball, 7D, EV 115.6 MPH), Distance : 427 ft
Batting: LHB Franklin Quezada 0-0: Ball
1-0: Ball
2-0: Fly out, F9 (Flyball, 89M, EV 86.3 MPH)
Bottom of the 3rd over - 3 runs, 1 hit, 1 error, 0 left on base; Lake County 0 - Hickory 4
TOP OF THE 4TH
Lake County Captains batting - Pitching for Hickory Crawdads : RHP Matt Stutzman
Batting: RHB Toki Takeuchi 0-0: Swinging Strike
0-1: Ground out 4-3 (Groundball, 34, EV 81.9 MPH)
Batting: LHB Yasuo Igarashi 0-0: Swinging Strike
0-1: Fly out, F8 (Line Drive, 8RM, EV 98.8 MPH)
Batting: LHB Justin Rankin 0-0: Called Strike
0-1: Ball
1-1: Called Strike
1-2: Ball
2-2: Strikes out swinging
Top of the 4th over - 0 runs, 0 hits, 0 errors, 0 left on base; Lake County 0 - Hickory 4
BOTTOM OF THE 4TH
Hickory Crawdads batting - Pitching for Lake County Captains : RHP Matt Zambon
Batting: LHB Casper Kersten 0-0: Ground out U3 (Groundball, 3, EV 93.1 MPH)
Batting: RHB Luke Stark 0-0: Called Strike
0-1: Swinging Strike
0-2: Ball
1-2: Ball
2-2: Strikes out swinging
Batting: RHB Chris Powell 0-0: SINGLE (Groundball, 6MD, EV 100.0 MPH)
Batting: RHB Garrison Feltham 0-0: Ball
1-0: Ball
2-0: DOUBLE (Line Drive, 7LD, EV 110.6 MPH)
Chris Powell to third
Batting: RHB Theo van Gent 0-0: Called Strike
0-1: Swinging Strike
0-2: Foul Ball, location: 2F
0-2: Ball
1-2: Ball
2-2: Foul Ball, location: 2F
2-2: Strikes out looking
Bottom of the 4th over - 0 runs, 2 hits, 0 errors, 2 left on base; Lake County 0 - Hickory 4
TOP OF THE 5TH
Lake County Captains batting - Pitching for Hickory Crawdads : RHP Matt Stutzman
Batting: LHB Tim Fuller 0-0: Ball
1-0: Ball
2-0: Ball
3-0: Called Strike
3-1: Base on Balls
Batting: RHB Adrian Martinelli 0-0: Called Strike
Tim Fuller steals 2nd base
0-1: Ground out 5-3 (Groundball, 56S, EV 91.3 MPH)
Batting: SHB Travis Burnett 0-0: Called Strike
0-1: Ball
1-1: Swinging Strike
1-2: Ground out 4-3 (Groundball, 4S, EV 85.0 MPH)
Tim Fuller to third
Batting: RHB Danny Millsaps 0-0: Called Strike
0-1: Called Strike
0-2: Ball
1-2: Strikes out swinging
Top of the 5th over - 0 runs, 0 hits, 0 errors, 1 left on base; Lake County 0 - Hickory 4
BOTTOM OF THE 5TH
Hickory Crawdads batting - Pitching for Lake County Captains : RHP Matt Zambon
Batting: LHB Nick Foutz 0-0: Ball
1-0: Ball
2-0: Fly out, F9 (Flyball, 89XD, EV 75.6 MPH)
Batting: RHB Doug Hammertime 0-0: Ball
1-0: DOUBLE (Flyball, 8LXD, EV 106.3 MPH)
Batting: RHB Bobby Larson 0-0: Ball
Doug Hammertime steals 3rd base
1-0: Swinging Strike
1-1: Called Strike
1-2: Strikes out swinging
Batting: LHB Franklin Quezada 0-0: Called Strike
0-1: Ball
1-1: Ball
2-1: Swinging Strike
2-2: Foul Ball, location: 2F
2-2: Foul Ball, location: 2F
2-2: Ground out 6-3 (Groundball, 6, EV 106.3 MPH)
Bottom of the 5th over - 0 runs, 1 hit, 0 errors, 1 left on base; Lake County 0 - Hickory 4
TOP OF THE 6TH
Lake County Captains batting - Pitching for Hickory Crawdads : RHP Matt Stutzman
Batting: LHB Danny Moreno 0-0: Called Strike
0-1: Called Strike
0-2: Ball
1-2: Strikes out swinging
Batting: LHB Ubbe de Bruin 0-0: Called Strike
0-1: Ball
1-1: Ball
2-1: Foul Ball, location: 2F
2-2: Ball
3-2: Strikes out swinging
Batting: RHB Toki Takeuchi 0-0: Called Strike
0-1: Ball
1-1: Ball
2-1: Swinging Strike
2-2: Ball
3-2: Foul Ball, location: 2F
3-2: Ground out 4-3 (Groundball, 4, EV 85.0 MPH)
Top of the 6th over - 0 runs, 0 hits, 0 errors, 0 left on base; Lake County 0 - Hickory 4
BOTTOM OF THE 6TH
Hickory Crawdads batting - Pitching for Lake County Captains : RHP Matt Zambon
Batting: LHB Casper Kersten 0-0: Foul Ball, location: 2F
0-1: Ball
1-1: Foul Ball, location: 2F
1-2: Strikes out swinging
Batting: RHB Luke Stark 0-0: Ball
1-0: Ball
2-0: Fly out, F8 (Flyball, 8RD, EV 96.9 MPH)
Batting: RHB Chris Powell 0-0: SOLO HOME RUN (Flyball, 8RXD, EV 110.6 MPH), Distance : 455 ft
Pitching: LHP Alcander Magos
Batting: RHB Garrison Feltham 0-0: Called Strike
0-1: Called Strike
0-2: Ball
1-2: DOUBLE (Groundball, 3L, EV 93.8 MPH) - OUT at third base trying to stretch hit.
Bottom of the 6th over - 1 run, 2 hits, 0 errors, 0 left on base; Lake County 0 - Hickory 5
TOP OF THE 7TH
Lake County Captains batting - Pitching for Hickory Crawdads : RHP Matt Stutzman
Batting: LHB Yasuo Igarashi 0-0: Called Strike
0-1: Foul Ball, location: 2F
0-2: Strikes out swinging
Batting: LHB Justin Rankin 0-0: Ball
1-0: Called Strike
1-1: Foul Ball, location: 2F
1-2: Strikes out swinging
Batting: LHB Tim Fuller 0-0: Ball
1-0: Foul Ball, location: 2F
1-1: Ground out 2-3 (Groundball, 15S, EV 66.3 MPH)
Top of the 7th over - 0 runs, 0 hits, 0 errors, 0 left on base; Lake County 0 - Hickory 5
BOTTOM OF THE 7TH
Hickory Crawdads batting - Pitching for Lake County Captains : LHP Alcander Magos
Batting: RHB Theo van Gent 0-0: Ball
1-0: Ball
2-0: Ball
3-0: Base on Balls
Batting: LHB Nick Foutz 0-0: Called Strike
0-1: Ball
1-1: Ball
2-1: Foul Ball, location: 2F
2-2: Strikes out looking
Batting: RHB Doug Hammertime 0-0: Ball
1-0: Ball
Theo van Gent steals 2nd base
2-0: Ball
3-0: Base on Balls
Pitching: LHP Aaron Manees
Batting: RHB Bobby Larson 0-0: Called Strike
Theo van Gent steals 3rd base
Doug Hammertime to second
0-1: Foul Ball, location: 2F
0-2: Ball
1-2: Ball
2-2: Fly out, F8 (Flyball, 8RXD, EV 105.0 MPH)
Runner from 3rd tags up, SCORES, no throw by CF
Doug Hammertime to third
Batting: LHB Franklin Quezada 0-0: Called Strike
0-1: Ball
1-1: Ground out U3 (Groundball, 3, EV 81.9 MPH)
Bottom of the 7th over - 1 run, 0 hits, 0 errors, 1 left on base; Lake County 0 - Hickory 6
TOP OF THE 8TH
Lake County Captains batting - Pitching for Hickory Crawdads : RHP Matt Stutzman
Batting: RHB Adrian Martinelli 0-0: Ball
1-0: Fly out, F6 (Flyball, 5D, EV 88.1 MPH)
Batting: SHB Travis Burnett 0-0: SINGLE (Groundball, 34, EV 106.9 MPH)
Batting: RHB Danny Millsaps 0-0: Ball
1-0: Foul Ball, location: 2F
1-1: Swinging Strike
1-2: Ball
2-2: Foul Ball, location: 2F
2-2: Strikes out swinging
Batting: LHB Danny Moreno 0-0: Swinging Strike
0-1: Ball
1-1: Hit by Pitch
Travis Burnett to second
Batting: LHB Ubbe de Bruin 0-0: Ball
1-0: Fielders Choice at 2nd, 6-4 (Groundball, 6, EV 89.4 MPH)
Top of the 8th over - 0 runs, 1 hit, 0 errors, 2 left on base; Lake County 0 - Hickory 6
BOTTOM OF THE 8TH
Hickory Crawdads batting - Pitching for Lake County Captains : LHP Aaron Manees
Batting: LHB Casper Kersten 0-0: Foul Ball, location: 2F
0-1: Ball
1-1: Ball
2-1: Foul Ball, location: 2F
2-2: Foul Ball, location: 2F
2-2: Ball
3-2: Base on Balls
Batting: RHB Luke Stark 0-0: Ball
1-0: Ball
2-0: Foul Ball, location: 2F
2-1: Foul Ball, location: 2F
2-2: Ball
3-2: Base on Balls
Casper Kersten to second
Batting: RHB Chris Powell 0-0: Ball
1-0: Foul Ball, location: 2F
1-1: Ball
2-1: Ball
3-1: Fielders Choice at 2nd, 4-6 (Groundball, 34, EV 83.8 MPH)
Casper Kersten to third
Batting: RHB Garrison Feltham 0-0: Called Strike
Chris Powell steals 2nd, throwing error, E2
Casper Kersten scores
Chris Powell to third
0-1: Foul Ball, location: 2F
0-2: Foul Ball, location: 2F
0-2: Fly out, F7 (Flyball, 78S, EV 89.4 MPH)
Pinch Hitting: SHB Rich Rubio 0-0: Called Strike
0-1: Ball
1-1: Ball
2-1: Swinging Strike
2-2: Ball
3-2: Base on Balls
Batting: LHB Nick Foutz 0-0: Called Strike
0-1: Foul Ball, location: 2F
0-2: Ball
1-2: Ground out U3 (Groundball, 34, EV 103.1 MPH)
Bottom of the 8th over - 1 run, 0 hits, 1 error, 2 left on base; Lake County 0 - Hickory 7
TOP OF THE 9TH
Lake County Captains batting - Pitching for Hickory Crawdads : RHP Matt Stutzman
Pitching: LHP Ramon Escobedo
Now in RF: Rich Rubio
Batting: RHB Toki Takeuchi 0-0: Ball
1-0: Ball
2-0: Called Strike
2-1: Ball
3-1: Base on Balls
Batting: LHB Yasuo Igarashi 0-0: Called Strike
0-1: Foul Ball, location: 2F
0-2: Ball
1-2: Fly out, F8 (Flyball, 8RM, EV 88.8 MPH)
Batting: LHB Justin Rankin 0-0: Grounds into double play, 4-6-3 (Groundball, 4S, EV 88.1 MPH)
Top of the 9th over - 0 runs, 0 hits, 0 errors, 0 left on base; Lake County 0 - Hickory 7
Thursday, March 31st , 2022 - OOTP Baseball 22.12 Build 89